 Dungeon Crawl Stone Soup version 0.18.1-48-g4cf74bf (webtiles) character file.

428 Eukament the Shield-Bearer (level 6, -4/48 HPs)
             Began as a Mummy Fighter on Aug 7, 2016.
             Was a Follower of Okawaru.
             Slain by Doomgape's ghost (8 damage)
             ... on level 4 of the Dungeon.
             The game lasted 00:14:01 (4062 turns).

Eukament the Shield-Bearer (Mummy Fighter)          Turns: 4062, Time: 00:14:01

Health: -4/48      AC:  8    Str: 21    XL:     6   Next: 65%
Magic:  4/6        EV: 12    Int:  7    God:    Okawaru [*.....]
Gold:   159        SH: 12    Dex: 12    Spells: 0 memorised, 5 levels left

rFire  x . .     SeeInvis .     a - +0 trident
rCold  + . .     Gourm    .     b - +0 scale mail
rNeg   + + +     Faith    .     c - +1 shield
rPois  ∞         Spirit   .     (no helmet)
rElec  .         Dismiss  .     (no cloak)
rCorr  .         Reflect  .     (no gloves)
SustAt .         Harm     .     (no boots)
MR     .....                    (no amulet)
Stlth  ++........               (no ring)
                                (no ring)

@: heroism, not resistant to hostile enchantments, unstealthy
A: no food or potions, fire vulnerability, cold resistance 1, negative energy
resistance 3, torment resistance, unbreathing
a: Heroism, Renounce Religion


You were on level 4 of the Dungeon.
You worshipped Okawaru.
Okawaru was aware of your devotion.
You were not hungry.

You visited 1 branch of the dungeon, and saw 5 of its levels.

You collected 159 gold pieces.

Inventory:

Hand Weapons
 a - a +0 trident (weapon)
Armour
 b - a +0 scale mail (worn)
 c - a +1 shield (worn)
Jewellery
 g - a cursed ring of loudness
Wands
 i - a wand of lightning (9/15)
Scrolls
 e - 4 scrolls of identify
 f - 2 scrolls of amnesia
 h - 3 scrolls of remove curse
 j - a scroll of fog {unknown}
 k - a scroll of fear {unknown}


   Skills:
 + Level 3.7(8.7) Fighting
 + Level 2.7(7.7) Polearms
 + Level 3.6(8.6) Armour
 + Level 2.1(7.1) Dodging
 + Level 0.8(5.8) Stealth
 + Level 3.9(8.9) Shields


You had 5 spell levels left.
You didn't know any spells.

Dungeon Overview and Level Annotations

Branches:
Dungeon (5/15)
 Temple: D:4-7

Altars:
Okawaru
Ru
Sif Muna
Vehumet
Zin

Annotations:
D:4 Doomgape's ghost, novice CeHu


Innate Abilities, Weirdness & Mutations

You do not eat or drink.
Your flesh is vulnerable to fire.
You are immune to poison.
Your flesh is cold resistant.
You are immune to negative energy.
You are immune to unholy pain and torment.
You can survive without breathing.


Message History

Doomgape's ghost is almost destroyed.
You feel something passing dangerously close to your head.
You block Doomgape's ghost's attack.
You completely miss Doomgape's ghost.
Doomgape's ghost is almost destroyed.
You block Doomgape's ghost's attack. Doomgape's ghost hits you!
* * * LOW HITPOINT WARNING * * *
You closely miss Doomgape's ghost.
Doomgape's ghost is almost destroyed.
Doomgape's ghost closely misses you.
Your shield prevents you from hitting Doomgape's ghost.
Doomgape's ghost is almost destroyed.
Doomgape's ghost hits you!
* * * LOW HITPOINT WARNING * * *
You gain the combat prowess of a mighty hero.
You block Doomgape's ghost's attack.
You hit Doomgape's ghost.
Doomgape's ghost is almost destroyed.
Doomgape's ghost hits you!
You die...

*********** #,,,,,,,,,*
*********#.#######,*
,,,,,,,,,.......>#,*
,,**,,,,,.....##.#,*
,,***,,,,.###..†.#,*
,,,,,,,,,...<..#@#,*
,,,,,,,*,......#W#,*
,,,*****,........#,*
,,,,,,,*,....#.....#
,,,,**,*>.#......###
+*,,**,*,,#....#.#**********
,,,,**,*,,#.##.#.#,,,,,,,,,*
**,***,*,,#+*#.#.#,,,,,,,,,*
**,,,*,***,,,..#.#,,,,,,,,,*


You could see Doomgape's ghost.

Vanquished Creatures
  An ogre (D:5)
  A crimson imp (D:5)
  2 orc wizards
  3 worker ants
  6 adders
  4 gnolls (D:5)
  A shadow imp (D:5)
  An ooze (D:2)
  A worm (D:2)
  5 dart slugs
  2 giant geckos
  6 orcs (D:3)
  3 giant cockroaches
  4 goblins (D:2)
  7 hobgoblins
  7 kobolds
  A ball python (D:5)
  7 bats
  3 giant newts
  8 rats
73 creatures vanquished.

Notes
Turn   | Place    | Note
--------------------------------------------------------------
     0 | D:1      | Eukament the Mummy Fighter began the quest for the Orb.
     0 | D:1      | Reached XP level 1. HP: 18/18 MP: 1/1
   220 | D:1      | Reached XP level 2. HP: 24/24 MP: 2/2
  1040 | D:2      | Reached XP level 3. HP: 24/29 MP: 3/3
  1697 | D:2      | Reached skill level 1 in Dodging
  1804 | D:2      | Reached XP level 4. HP: 35/35 MP: 4/4
  2151 | D:2      | Found an iron altar of Okawaru.
  2152 | D:2      | Found a deep blue altar of Sif Muna.
  2154 | D:2      | Found a glowing silver altar of Zin.
  2159 | D:2      | Became a worshipper of Warmaster Okawaru
  2178 | D:3      | Found a radiant altar of Vehumet.
  2421 | D:3      | Reached XP level 5. HP: 28/41 MP: 5/5
  2764 | D:4      | Noticed Doomgape's ghost (novice CeHu)
  2774 | D:5      | Entered Level 5 of the Dungeon
  3140 | D:5      | Found a sacrificial altar of Ru.
  3349 | D:5      | Reached * piety under Okawaru
  3611 | D:5      | Noticed an ogre
  3628 | D:5      | Killed an ogre
  3628 | D:5      | Reached XP level 6. HP: 47/47 MP: 6/6
  4062 | D:4      | Slain by Doomgape's ghost

Skill      XL: |  1  2  3  4  5  6 |
---------------+-------------------+-----
Armour         | 3 |  3.6
Dodging        | 1 2 |  2.1
Shields        | 3 |  3.9
Polearms       | 2 |  2.7
Fighting       | |  3.7
Stealth        | |  0.8

Action                   |  1- 3 |  4- 6 || total
-------------------------+-------+-------++-------
Melee: Trident           |   113 |   254 ||   367
Invok: Heroism           |       |     3 ||     3
  Use: Scroll            |     4 |     3 ||     7
 Stab: Invisible         |       |     2 ||     2
Armor: Scale mail        |    76 |    97 ||   173
Dodge: Dodged            |    36 |    88 ||   124
Block: Shield            |    65 |   183 ||   248
